Cogmind - Beta 16.1 @@@ ROGUE MODE // 2026.04.22 @ 20:14:05 Player: Tereza Result: Destroyed by C-17 Slicer with Blade Saw Performance ------------- Evolutions (4) 2000 Regions Visited (16) 3200 Robots Destroyed (160) 800 Value Destroyed (4340) 4340 Prototype IDs (40) 800 Alien Tech Used (0) 0 Bonus (4068) 4068 TOTAL SCORE: 15208 Bonus ------- High Alert Combat Kills 37 Follower Combat Kills 2131 Network Hubs Disabled 200 Aligned with FarCom 300 Met Data Miner 300 Built Enhanced Grunts 300 A7 Reached Mainframe 300 Met R17 at Cetus 500 Cogmind --------- Core Integrity 0/850 Matter 300/300 Energy 98/100 System Corruption 8% Temperature Cool (9) Movement Core (50) Location -6/Hub_04(d) Parts ------- > --- POWER (1) -------- (None) > --- PROPULSION (4) --- (None) > --- UTILITY (8) ------ Improved Hacking Suite Improved Hacking Suite > --- WEAPON (2) ------- (None) > --- INVENTORY (5) ---- Structural Scanner Enhanced Optical Array Advanced Melee Analysis Suite Hacking Suite Ripper Peak State ------------ > --- POWER ------------ Light Nuclear Core > --- PROPULSION ------- Flying Fortress v7 > --- UTILITY ---------- Large Storage Unit Structural Scanner Advanced Melee Analysis Suite Hacking Suite Hacking Suite Hacking Suite Hacking Suite System Shield > --- WEAPON ----------- Long-range Missile Launcher Chainsword > --- INVENTORY -------- Improved Cesium-ion Thruster Cooled Cesium-ion Thruster Cooled Cesium-ion Thruster High-capacity Storage Unit Experimental Sensor Array Core Analyzer Transmission Jammer Improved Propulsion Shielding Layered Medium Armor Plating Hardlight Generator Hacking Suite System Shield Improved Datajack Chainsword Ripper [Rating: 72] Favorites ----------- Power Light Nuclear Core Engine Ion Engine Power Core Light Nuclear Core Reactor Antimatter Reactor Propulsion Light Treads Treads Light Treads Leg Carbon-fiber Leg Flight Unit Flying Fortress v7 Utility Hacking Suite Device Seismic Detector Storage High-capacity Storage Unit Processor Advanced Melee Analysis Suite Hackware Hacking Suite Protection Hardened Light Armor Plating Weapon Autogun Ballistic Gun Autogun Ballistic Cannon Magnetic Acceleration Cannon Launcher Long-range Missile Launcher Impact Weapon Heavy Hammer Slashing Weapon Chainsword Build | -11 -10 -10 -9 -9 -9 -8 -8 -7 -7 -7 -6 -6 -6 -6 -6 -6 ------- Run | Yrd Mat Min Mat Min Exi Min Mat Fac Low Dat Pro Fac Ext Cet Arc Hub Slots Evolved 8 | . . . 2 . . . 2 2 . . . 2 . . . . Power . | . . . . . . . . . . . . . . . . . Propulsion 2 | . . . 1 . . . 1 . . . . . . . . . Utility 6 | . . . 1 . . . 1 2 . . . 2 . . . . Weapon . | . . . . . . . . . . . . . . . . . Parts Attached 82 | 7 8 . 13 . 1 5 11 9 1 . . 4 1 11 9 2 Power 8 | 1 1 . 1 . . 1 1 . . . . 1 . . 1 1 Engine 2 | 1 . . 1 . . . . . . . . . . . . . Core 5 | . 1 . . . . 1 1 . . . . 1 . . . 1 Reactor 1 | . . . . . . . . . . . . . . . 1 . Propulsion 26 | 2 2 . 4 . . 3 4 1 . . . . . 9 1 . Treads 15 | 2 2 . 4 . . 3 4 . . . . . . . . . Leg 7 | . . . . . . . . . . . . . . 6 1 . Wheel . | . . . . . . . . . . . . . . . . . Hover . | . . . . . . . . . . . . . . . . . Flight 4 | . . . . . . . . 1 . . . . . 3 . . Utility 30 | 2 3 . 4 . . 1 2 6 1 . . 3 . 1 6 1 Device 4 | 1 . . 1 . . . . 1 1 . . . . . . . Storage 4 | 1 2 . . . . . . 1 . . . . . . . . Processor 4 | . . . . . . . 1 1 . . . 2 . . . . Hackware 12 | . . . . . . . 1 3 . . . 1 . . 6 1 Protection 6 | . 1 . 3 . . 1 . . . . . . . 1 . . Artifact . | . . . . . . . . . . . . . . . . . Weapon 18 | 2 2 . 4 . 1 . 4 2 . . . . 1 1 1 . Energy Gun . | . . . . . . . . . . . . . . . . . Energy Cannon . | . . . . . . . . . . . . . . . . . Ballistic Gun 11 | 2 2 . 3 . 1 . 3 . . . . . . . . . Ballistic Cannon 1 | . . . . . . . . . . . . . . 1 . . Launcher 2 | . . . 1 . . . . . . . . . 1 . . . Special Weapon . | . . . . . . . . . . . . . . . . . Impact Weapon 1 | . . . . . . . 1 . . . . . . . . . Slashing Weapon 3 | . . . . . . . . 2 . . . . . . 1 . Piercing Weapon . | . . . . . . . . . . . . . . . . . Special Melee Weapon . | . . . . . . . . . . . . . . . . . Unidentified Prototypes 5 | . . . . . . . 1 . 1 . . . . 2 1 . Parts Lost 23 | . 2 . 2 . . 3 2 . . . . 1 . 3 1 9 Power 6 | . 1 . 1 . . . . . . . . 1 . . 1 2 Propulsion 8 | . 1 . . . . 3 1 . . . . . . 1 . 2 Utility 5 | . . . . . . . 1 . . . . . . 1 . 3 Weapon 4 | . . . 1 . . . . . . . . . . 1 . 2 Highest Loss Streak 9 | . 2 . 2 . . 3 1 . . . . 1 . 3 1 9 To Critical Strikes 1 | . . . . . . . . . . . . . . 1 . . Average Backups 15 | 2 12 15 19 19 17 15 16 14 14 14 14 15 15 14 18 19 Power 1 | . 1 1 . 1 1 1 1 . 1 1 1 . . 1 1 1 Propulsion 2 | 1 2 2 4 5 5 3 2 . . . . 1 3 2 5 4 Utility 7 | . 6 9 7 7 6 6 7 9 10 10 10 9 9 7 8 9 Weapon 3 | . 1 2 5 5 3 3 4 3 2 2 2 2 1 1 2 1 Tool/Special . | . . . . . . . . . . . . . . . . . Unused Backups 43 | . 6 . 5 . 3 . 3 4 . . . 3 3 2 1 13 Power 2 | . . . . . . . 1 . . . . . . . . 1 Propulsion 7 | . 2 . . . . . . 1 . . . 1 . 2 . 1 Utility 22 | . 2 . 4 . 2 . . . . . . 2 3 . 1 8 Weapon 9 | . 2 . 1 . 1 . 2 2 . . . . . . . 1 Tool/Special 3 | . . . . . . . . 1 . . . . . . . 2 Average Slot Usage (%) 90 | . 98 85 98 88 88 98 97 76 76 76 76 78 80 87 99 95 Engine 1 | . 1 . 9 . . . . . . . . . . . . . Core 5 | . 11 . . . . 9 9 7 7 7 7 5 6 6 . . Treads 20 | . 27 28 32 33 33 33 35 . . . . . . . . . Leg 2 | . . . . . . . . . . . . . . 18 26 24 Flight 1 | . . . . . . . . 6 7 7 7 6 6 5 . . Device 8 | . 13 14 11 11 11 11 2 3 7 7 7 6 6 6 6 5 Storage 9 | . 14 14 11 11 11 11 9 7 7 7 7 6 6 6 6 5 Processor 1 | . . . . . . . 5 1 . . . 4 6 . . . Hackware 12 | . . . . . . . 7 27 30 30 30 32 33 33 33 32 Protection 4 | . . . 11 11 11 11 9 3 . . . . . . 6 5 Ballistic Gun 15 | . 28 28 21 22 22 21 18 7 . . . . . . . . Slashing Weapon 3 | . . . . . . . . 7 15 15 14 13 6 6 12 11 Peak Build Rating 72 | 7 13 11 16 15 17 20 31 63 68 68 69 71 72 72 70 70 Average Rating 33 | 6 11 9 15 15 16 19 27 61 64 68 68 69 71 45 62 66 On Entrance 38 | . 7 9 11 15 15 17 20 31 61 68 68 69 71 72 50 70 Avg Prop Armor Cover (%) 3 | . . . . . . . . . . . . . . 2 . 20 Naked Turns . | . . . . . . . . . . . . . . . . . Heaviest Build 70 | 14 52 47 57 52 52 58 62 56 32 32 33 32 37 59 65 70 Greatest Support 80 | 40 40 40 60 60 60 60 80 80 50 50 50 50 50 60 73 73 Greatest Overweight (x) 2 | 2 1 1 . . . . . . . . . . . 2 . . Average Overweight (x) . | . . 1 . . . . . . . . . . . . . . Largest Inventory Capacity 20 | 8 20 20 20 20 20 20 20 20 15 15 15 15 15 20 20 20 Average Capacity 17 | 7 15 20 20 20 20 20 20 14 15 15 15 15 15 16 20 19 Most Carried 20 | 4 16 18 20 19 20 20 20 20 14 14 15 15 15 19 20 20 Average Carried 16 | 2 12 15 19 19 19 17 19 14 14 14 14 14 14 14 18 19 Final Capacity 20 | 8 20 20 20 20 20 20 20 15 15 15 15 15 15 20 20 5 Final Carried 20 | 4 15 18 19 19 20 18 20 14 14 14 15 15 15 16 20 5 Class Distribution -------------------- 35% | Mutant 29% | Scavenger-Mutant 24% | Hacker-Mutant 7% | Hacker-Gladiator 3% | Wizard-Mutant Dominant Class ---------------- Mutant | -10/Materials Mutant | -10/Mines Mutant | -9/Materials Scavenger-Mutant | -9/Mines Scavenger-Mutant | -9/Exiles Scavenger-Mutant | -8/Mines Scavenger-Mutant | -8/Materials Hacker-Mutant | -7/Factory Hacker-Mutant | -7/Lower Caves Hacker-Mutant | -7/Data Miner Hacker-Mutant | -6/Proximity Caves Hacker-Gladiator | -6/Factory Hacker-Mutant | -6/Extension Hacker-Mutant | -6/Cetus Wizard-Mutant | -6/Archives Wizard-Mutant | -6/Hub_04(d) Resources | -11 -10 -10 -9 -9 -9 -8 -8 -7 -7 -7 -6 -6 -6 -6 -6 -6 ----------- Run | Yrd Mat Min Mat Min Exi Min Mat Fac Low Dat Pro Fac Ext Cet Arc Hub Matter Collected 3671 | 296 724 120 866 . . 268 422 304 10 . 64 126 185 143 113 30 Remotely . | . . . . . . . . . . . . . . . . . Salvage Created 5584 | 100 894 226 1122 . . 319 622 445 47 . 70 345 479 22 251 642 Parts 350 | 15 60 18 84 . . 14 35 25 3 . 6 12 41 1 18 18 Haulers Intercepted 17 | . 2 . 4 . . . 4 2 . . . 2 1 . . 2 Recyclers Shooed 2 | . . . . . . 1 . . . . . . 1 . . . Parts Field Recycled . | . . . . . . . . . . . . . . . . . Retrieved Matter . | . . . . . . . . . . . . . . . . . Parts Self-Destructed 4 | . . . . . . . . . . . 4 . . . . . Prevented . | . . . . . . . . . . . . . . . . . Parts Restored . | . . . . . . . . . . . . . . . . . Kills | -11 -10 -10 -9 -9 -9 -8 -8 -7 -7 -7 -6 -6 -6 -6 -6 -6 ------- Run | Yrd Mat Min Mat Min Exi Min Mat Fac Low Dat Pro Fac Ext Cet Arc Hub Combat Hostiles Destroyed 93 | . 19 7 24 . . 6 10 5 1 . 7 4 8 . . 2 Melee 13 | . . . . . . . . 4 1 . . 4 3 . . 1 Guns 62 | . 19 7 22 . . 3 10 1 . . . . . . . . AOE 18 | . . . 2 . . 3 . . . . 7 . 5 . . 1 Classes Destroyed 14 | 1 7 . 4 . . . 1 1 . . . . . . . . Worker 6 | . . . 2 . . 1 . . . . . . 3 . . . Builder 8 | . . . 2 . . . . 1 . . . . 2 . . 3 Tunneler 10 | 5 . . . . . . . . . . . . 4 . . 1 Hauler 17 | . 2 . 4 . . . 4 2 . . . 2 1 . . 2 Recycler 3 | . 1 . 1 . . 1 . . . . . . . . . . Operator 14 | . 1 . 2 . . . . 1 . . . 1 1 . 7 1 Watcher 6 | . 1 . 1 . . . . 2 . . . . . 1 . 1 Swarmer 29 | . 3 3 9 . . . 2 . . . 7 2 3 . . . Grunt 42 | . 14 4 5 . . 6 5 3 . . . . 3 . . 2 Duelist 1 | . . . 1 . . . . . . . . . . . . . Sentry 13 | . . . 9 . . . 2 . . . . . 2 . . . Hunter 1 | . . . . . . . 1 . . . . . . . . . Programmer 5 | . . . . . . . . 2 1 . . 2 . . . . Enhanced Grunt 2 | . . . . . . . . . . . . . . . . 2 Subdweller 2 | . 2 . . . . . . . . . . . . . . . Guerrilla 1 | . . . . . . . . . . . . . . . . 1 Best Kill Streak 10 | 2 3 3 6 . . 5 2 3 1 . 4 2 10 1 6 8 Combat Bots Only 5 | . 3 3 5 . . 3 2 3 1 . 4 2 3 . . 2 Max Kills in Single Turn 9 | 1 2 2 2 . . 2 1 2 1 . 2 1 4 1 1 9 Gunslinging 1 | . 1 1 1 . . . . . . . . . . . . . Exploded 2 | . . . 1 . . 2 . . . . 2 . 2 . . 1 Melee 1 | . . . . . . . . 1 1 . . 1 1 . . 1 Uniques/NPCs Destroyed . | . . . . . . . . . . . . . . . . . Combat | -11 -10 -10 -9 -9 -9 -8 -8 -7 -7 -7 -6 -6 -6 -6 -6 -6 -------- Run | Yrd Mat Min Mat Min Exi Min Mat Fac Low Dat Pro Fac Ext Cet Arc Hub Hostile Shots Fired 673 | . 70 39 118 . . 54 49 22 4 . 20 51 68 15 . 163 Missed 257 | . 15 21 30 . . 19 12 5 2 . 12 20 38 4 . 79 Hits 416 | . 55 18 88 . . 35 37 17 2 . 8 31 30 11 . 84 Melee 5 | . . . . . . . . . . . . . . . . 5 Projectile 411 | . 55 18 88 . . 35 37 17 2 . 8 31 30 11 . 79 Critical Strikes 16 | . 1 . 2 . . 2 2 . . . . 1 . 2 . 6 Damage Taken 6101 | . 761 152 1065 . . 569 556 259 30 . 109 461 277 186 49 1627 Core 1314 | . 129 7 111 . . 80 58 16 14 . 34 60 44 . . 761 Absorbed by Shields 258 | . . . . . . . . . . . . . 104 129 25 . Redirected to Shielding 102 | . . . . . . . . . . . . . . . . 102 Regen/Repaired (Parts) 367 | . 96 . 92 . . . 179 . . . . . . . . . Core Remaining (%) 75 | 100 . 45 . . . 52 89 . . . 90 . . . . . Volleys Fired 331 | 22 88 15 95 . . 19 39 23 . . 10 . 11 5 3 1 Largest 2 | 2 2 2 2 . . 2 2 2 . . 1 . 1 1 1 1 Hottest 56 | 40 46 46 56 . . 56 50 50 . . 33 . 43 44 44 44 Shots Fired 630 | 44 176 30 188 . . 38 78 46 . . 10 . 11 5 3 1 Gun 591 | 44 176 30 183 . . 34 78 46 . . . . . . . . Cannon 7 | . . . . . . . . . . . . . . 3 3 1 Launcher 32 | . . . 5 . . 4 . . . . 10 . 11 2 . . Special . | . . . . . . . . . . . . . . . . . Kinetic 598 | 44 176 30 183 . . 34 78 46 . . . . . 3 3 1 Thermal . | . . . . . . . . . . . . . . . . . Explosive 32 | . . . 5 . . 4 . . . . 10 . 11 2 . . Electromagnetic . | . . . . . . . . . . . . . . . . . Robot Hit Streak 20 | 7 13 10 20 . . 13 13 9 . . 5 . 5 2 1 . Robot Miss Streak 5 | 3 5 4 5 . . 2 1 5 . . 2 . 1 2 1 . Penetration Max . | . . . . . . . . . . . . . . . . . Secondary Targets 11 | . 4 3 3 . . . 1 . . . . . . . . . Max Gunslinging Chain 1 | . 1 1 1 . . . 1 . . . . . . . . . Shots Hit Robots 483 | 27 107 20 121 . . 30 63 38 1 . 7 27 17 3 11 11 Core Hits 243 | 8 39 11 51 . . 18 28 14 1 . 6 7 30 6 5 19 Critical Kills 2 | . . . . . . . 2 . . . . . . . . . Critical Parts Destroyed 4 | 1 . . 2 . . . . 1 . . . . . . . . Critical Strikes 17 | 1 1 . 2 . . . 2 2 . . . 9 . . . . Destroy 7 | 1 1 . 2 . . . 2 1 . . . . . . . . Sever 10 | . . . . . . . . 1 . . . 9 . . . . Melee Attacks 117 | . . . . . . . 1 26 2 . 2 48 11 . 14 13 Impact 1 | . . . . . . . 1 . . . . . . . . . Slashing 116 | . . . . . . . . 26 2 . 2 48 11 . 14 13 Piercing . | . . . . . . . . . . . . . . . . . Sneak Attacks 15 | . . . . . . . . 2 . . . 2 2 . 8 1 Combat Hostiles . | . . . . . . . . . . . . . . . . . Follow-up Attacks 8 | . . . . . . . . 3 . . . 4 . . 1 . Damage Inflicted 14443 | 277 1435 338 2278 . . 910 929 1020 44 . 636 1108 2441 335 851 1841 Guns 5828 | 277 1435 338 1885 . . 381 929 583 . . . . . . . . Cannons 88 | . . . . . . . . . . . . . . 61 27 . Explosions 5203 | . . . 384 . . 529 . . . . 636 . 1981 274 . 1399 Melee 3315 | . . . . . . . . 437 44 . . 1108 460 . 824 442 Ramming 9 | . . . 9 . . . . . . . . . . . . . Kinetic 5916 | 277 1435 338 1885 . . 381 929 583 . . . . . 61 27 . Thermal . | . . . . . . . . . . . . . . . . . Explosive 3804 | . . . 384 . . 529 . . . . 636 . 1981 274 . . Electromagnetic 1399 | . . . . . . . . . . . . . . . . 1399 Impact . | . . . . . . . . . . . . . . . . . Slashing 3315 | . . . . . . . . 437 44 . . 1108 460 . 824 442 Piercing . | . . . . . . . . . . . . . . . . . Highest Corruption 8 | . . . . . . . . 1 1 1 1 . . . . 8 Average Corruption 1 | . . . . . . . . 1 1 1 1 . . . . 6 Corruption Purged . | . . . . . . . . . . . . . . . . . Corruption Blocked . | . . . . . . . . . . . . . . . . . Effects 6 | . . . . . . . . 1 . . 3 . . . . 2 Message Errors 3 | . . . . . . . . 1 . . 1 . . . . 1 Matter Fused 1 | . . . . . . . . . . . . . . . . 1 Heat Flow Errors 1 | . . . . . . . . . . . 1 . . . . . Data Loss (minor) 1 | . . . . . . . . . . . 1 . . . . . Overload Shots . | . . . . . . . . . . . . . . . . . Overflow Damage 583 | . . . 6 . . 14 . 25 . . 23 72 61 . 253 129 Projectiles . | . . . . . . . . . . . . . . . . . Explosions 196 | . . . 6 . . 14 . . . . 23 . 61 . . 92 Melee 387 | . . . . . . . . 25 . . . 72 . . 253 37 Knockbacks . | . . . . . . . . . . . . . . . . . Impact . | . . . . . . . . . . . . . . . . . Kinetic . | . . . . . . . . . . . . . . . . . Secondary . | . . . . . . . . . . . . . . . . . Self-Inflicted Damage 171 | . . . 41 . . . . . . . 26 . . . . 104 Shots 3 | . . . 1 . . . . . . . 1 . . . . 1 Rammed 1 | . . . 1 . . . . . . . . . . . . . Targets Rammed 2 | . . . 2 . . . . . . . . . . . . . Kicked . | . . . . . . . . . . . . . . . . . Crushed 1 | . . . 1 . . . . . . . . . . . . . Highest Temperature 145 | . 53 15 86 . . 109 61 145 . . 140 . 4 . . 4 Average Temperature 22 | . 13 10 12 . . 37 18 57 . . 77 . 3 . . 4 Received Heat Transfer 1716 | . 363 27 291 . . 351 261 36 . . . . 54 . . 333 Siege Activations . | . . . . . . . . . . . . . . . . . Martial Activations . | . . . . . . . . . . . . . . . . . Shielding Activations . | . . . . . . . . . . . . . . . . . Robots Disrupted . | . . . . . . . . . . . . . . . . . Combat Hostiles . | . . . . . . . . . . . . . . . . . Robots Corrupted 1 | . . . . . . . . . . . . . . . . 1 Combat Hostiles . | . . . . . . . . . . . . . . . . . Parts Fried 7 | . . . . . . . . . . . . . . . . 7 Impact Corruptions . | . . . . . . . . . . . . . . . . . Robots Melted . | . . . . . . . . . . . . . . . . . Combat Hostiles . | . . . . . . . . . . . . . . . . . Parts Melted . | . . . . . . . . . . . . . . . . . Heat Transferred . | . . . . . . . . . . . . . . . . . Parts Sabotaged 3 | . . . . . . . . . . . . . . . . 3 Parts Stolen . | . . . . . . . . . . . . . . . . . Parts Stripped . | . . . . . . . . . . . . . . . . . Power Chain Reactions 1 | . . . . . . . . . . . . . . . . 1 Alert | -11 -10 -10 -9 -9 -9 -8 -8 -7 -7 -7 -6 -6 -6 -6 -6 -6 ------- Run | Yrd Mat Min Mat Min Exi Min Mat Fac Low Dat Pro Fac Ext Cet Arc Hub Maximum Alert Level 3 | . . . 1 . . . . . . . . . 2 2 1 3 Low Security (%) 81 | 100 100 100 68 100 . 100 100 100 . . . 100 12 . . 49 Level 1 10 | . . . 31 . . . . . . . . . 34 10 100 28 Level 2 7 | . . . . . . . . . . . . . 52 89 . 3 Level 3 . | . . . . . . . . . . . . . . . . 18 Level 4 . | . . . . . . . . . . . . . . . . . Level 5 . | . . . . . . . . . . . . . . . . . High Security . | . . . . . . . . . . . . . . . . . Max Security . | . . . . . . . . . . . . . . . . . Peak Influence 960 | 5 153 85 254 81 . 89 133 45 . . . 64 693 583 370 960 Initial 388 | . . 5 7 81 . . . . . . . 52 29 388 206 108 Average 94 | 1 43 18 106 24 . 21 28 8 . . . 13 358 477 334 332 Influence Increases 5656 | 25 488 185 818 . . 159 379 209 30 . 175 197 1148 515 274 1054 Destroy 0b10 Robot/C 2700 | . 340 140 480 . . 120 200 100 20 . 140 80 520 220 80 260 Destroy 0b10 Robot/NC 345 | 25 25 . 55 . . 10 20 30 . . . 15 70 10 40 45 Destroy Leader 594 | . 86 30 160 . . 20 68 28 10 . 20 24 74 10 . 64 Allied During Kill 941 | . . . . . . . . . . . . . 305 220 120 296 Successful Hack 173 | . 19 . 35 . . . 28 14 . . . 41 10 4 . 22 Disable Machine 270 | . 15 15 60 . . . . 15 . . . . 75 . 30 60 Anti-Garrison Action 150 | . . . . . . . . . . . . . . . . 150 Destroy Structure 288 | . 3 . 28 . . 9 3 7 . . . 7 64 36 4 127 Partial Spotted 15 | . . . . . . . 15 . . . . . . . . . Lose Combat Pursuer 180 | . . . . . . . 45 15 . . 15 30 30 15 . 30 Influence Decreases 4804 | 25 474 178 629 210 . 159 379 209 . 30 91 220 516 693 479 512 Entered New Map 1062 | . . 9 14 129 . . . . . 30 . 32 32 305 309 202 Time Decay 2975 | 25 454 169 453 81 . 149 364 199 . . 91 178 294 238 140 140 Lost Part 205 | . 20 . 20 . . 10 15 . . . . 10 . 30 10 90 Lost Ally 270 | . . . . . . . . 10 . . . . 40 120 20 80 Purge Threat 292 | . . . 142 . . . . . . . . . 150 . . . Squads Dispatched 27 | . 4 . 2 . . . 3 4 . . . 4 2 1 . 7 Investigation 6 | . 2 . 1 . . . 2 . . . . . . 1 . . Extermination 4 | . . . . . . . . 2 . . . 2 . . . . Reinforcement 14 | . 2 . 1 . . . 1 2 . . . 2 2 . . 4 Assault 2 | . . . . . . . . . . . . . . . . 2 Garrison 1 | . . . . . . . . . . . . . . . . 1 Intercept . | . . . . . . . . . . . . . . . . . Searches Triggered . | . . . . . . . . . . . . . . . . . Data Miner Redirects 1 | . . . . . . . . . . . . . . 1 . . Construction Impeded 3 | . . . . . . . . . . . . . 2 . . 1 Haulers Reinforced 2 | . . . . . . . . 1 . . . 1 . . . . Active Scanning Responses . | . . . . . . . . . . . . . . . . . Cargo Convoy Interrupts . | . . . . . . . . . . . . . . . . . Stealth | -11 -10 -10 -9 -9 -9 -8 -8 -7 -7 -7 -6 -6 -6 -6 -6 -6 --------- Run | Yrd Mat Min Mat Min Exi Min Mat Fac Low Dat Pro Fac Ext Cet Arc Hub Distress Signals 22 | . 5 . 3 . . . 5 1 . . . . 6 1 . 1 Communications Jammed . | . . . . . . . . . . . . . . . . . Distress Signals . | . . . . . . . . . . . . . . . . . Times Spotted 212 | . 29 7 35 . . 6 16 10 1 . 7 11 18 9 11 52 Peak Tracking Total 37 | . 4 3 6 . . 3 4 3 1 . 3 4 9 5 2 37 Tactical Retreats 9 | . . . . . . . 2 1 . . 1 1 2 1 . 1 Traps | -11 -10 -10 -9 -9 -9 -8 -8 -7 -7 -7 -6 -6 -6 -6 -6 -6 ------- Run | Yrd Mat Min Mat Min Exi Min Mat Fac Low Dat Pro Fac Ext Cet Arc Hub Traps Triggered 3 | . . . . . . . 1 1 . . . . 1 . . . Indirectly . | . . . . . . . . . . . . . . . . . Trap Hack Attempts . | . . . . . . . . . . . . . . . . . Triggered . | . . . . . . . . . . . . . . . . . Disarmed . | . . . . . . . . . . . . . . . . . Reprogrammed . | . . . . . . . . . . . . . . . . . Reused . | . . . . . . . . . . . . . . . . . Traps Extracted . | . . . . . . . . . . . . . . . . . Installed . | . . . . . . . . . . . . . . . . . Triggered . | . . . . . . . . . . . . . . . . . Machines | -11 -10 -10 -9 -9 -9 -8 -8 -7 -7 -7 -6 -6 -6 -6 -6 -6 ---------- Run | Yrd Mat Min Mat Min Exi Min Mat Fac Low Dat Pro Fac Ext Cet Arc Hub Machines Disabled 19 | . 1 1 4 . . . . 1 . . . . 5 . 2 5 Max in Single Turn 5 | . 1 1 2 . . . . 1 . . . . 1 . 1 5 Garrison Access 3 | . . . . . . . . 1 . . . 1 . . . 1 Network Hub 1 | . . . . . . . . . . . . . . . . 1 Energy Cycler 2 | . . . . . . . . . . . . . 2 . . . Machines Repaired . | . . . . . . . . . . . . . . . . . Machines Dismantled . | . . . . . . . . . . . . . . . . . Machines Sabotaged . | . . . . . . . . . . . . . . . . . Overloaded Fab Kills . | . . . . . . . . . . . . . . . . . Hacking | -11 -10 -10 -9 -9 -9 -8 -8 -7 -7 -7 -6 -6 -6 -6 -6 -6 --------- Run | Yrd Mat Min Mat Min Exi Min Mat Fac Low Dat Pro Fac Ext Cet Arc Hub Machines Accessed 59 | . 7 . 10 . 2 . 10 9 . 3 . 9 5 2 . 2 Terminals 42 | . 6 . 7 . . . 8 5 . . . 7 5 2 . 2 Fabricators 2 | . . . . . . . . 2 . . . . . . . . Repair Stations 3 | . 1 . 1 . . . 1 . . . . . . . . . Recycling Units 1 | . . . 1 . . . . . . . . . . . . . Scanalyzers 4 | . . . 1 . . . 1 1 . . . 1 . . . . Garrison Access 2 | . . . . . . . . 1 . . . 1 . . . . Total Hacks 188 | . 22 . 20 . 5 . 32 20 . 28 . 27 15 10 . 9 Successful 123 | . 10 . 13 . 5 . 19 14 . 28 . 16 8 5 . 5 Failed 65 | . 12 . 7 . . . 13 6 . . . 11 7 5 . 4 Catastrophic 4 | . 1 . 1 . . . . . . . . 1 . . . 1 Database Lockouts . | . . . . . . . . . . . . . . . . . Manual 79 | . 16 . 11 . 1 . 14 11 . . . 18 . 1 1 6 Terminals 129 | . 20 . 14 . . . 24 15 . . . 22 15 10 . 9 Fabricators 2 | . . . . . . . . 2 . . . . . . . . Repair Stations 8 | . 2 . 2 . . . 4 . . . . . . . . . Recycling Units 2 | . . . 2 . . . . . . . . . . . . . Scanalyzers 10 | . . . 2 . . . 4 1 . . . 3 . . . . Garrison Access 4 | . . . . . . . . 2 . . . 2 . . . . Terminal Hacks 78 | . 6 . 4 . 5 . 5 6 . 28 . 8 8 5 . 3 Record 14 | . . . . . 4 . . . . 6 . . . 4 . . Part Schematic 16 | . . . . . . . . 1 . 13 . 1 1 . . . Robot Schematic 6 | . . . . . . . . . . 6 . . . . . . Robot Analysis 3 | . 3 . . . . . . . . . . . . . . . Prototype ID Bank 4 | . . . . . . . . . . 3 . . 1 . . . Open Door 1 | . . . . . . . . . . . . . . 1 . . Level Access Points 3 | . . . . . . . . 1 . . . . 1 . . 1 Branch Access Points 5 | . . . 1 . . . 1 1 . . . 1 . . . 1 Terminal Index 2 | . . . . . . . . 1 . . . 1 . . . . Fabricator Index 1 | . . . . . . . . . . . . 1 . . . . Alert Level 3 | . 1 . 1 . . . . . . . . . 1 . . . Unreport Threat 2 | . . . 1 . . . . . . . . . 1 . . . Locate Traps 8 | . 1 . 1 . . . 2 1 . . . 1 2 . . . Patrol Status 1 | . . . . . . . . 1 . . . . . . . . Transport Status 1 | . . . . . . . . . . . . 1 . . . . Hauler Manifests 5 | . 1 . . . . . 1 . . . . 1 1 . . 1 Registered Components 2 | . . . . . . . 1 . . . . 1 . . . . Proto ID Catalog 1 | . . . . . 1 . . . . . . . . . . . Fabricator Hacks 1 | . . . . . . . . 1 . . . . . . . . Network Status 1 | . . . . . . . . 1 . . . . . . . . Repair Station Hacks 8 | . 2 . 2 . . . 4 . . . . . . . . . Scan Component 4 | . 1 . 1 . . . 2 . . . . . . . . . Repair 4 | . 1 . 1 . . . 2 . . . . . . . . . Recycling Unit Hacks 2 | . . . 2 . . . . . . . . . . . . . Report Inventory 1 | . . . 1 . . . . . . . . . . . . . Retrieve Components 1 | . . . 1 . . . . . . . . . . . . . Scanalyzer 8 | . . . 1 . . . 4 1 . . . 2 . . . . Retrieve Study 8 | . . . 1 . . . 4 1 . . . 2 . . . . Garrison Access Hacks 2 | . . . . . . . . 1 . . . 1 . . . . Seal Access 2 | . . . . . . . . 1 . . . 1 . . . . Unauthorized Hacks 24 | . 2 . 4 . . . 6 5 . . . 5 . . . 2 Terminals 24 | . 2 . 4 . . . 6 5 . . . 5 . . . 2 Track 1 | . . . . . . . 1 . . . . . . . . . Assimilate 3 | . . . 1 . . . . 1 . . . 1 . . . . Botnet 13 | . 1 . 2 . . . 3 3 . . . 3 . . . 1 Operators 7 | . 1 . 1 . . . 2 1 . . . 1 . . . 1 Fabricators . | . . . . . . . . . . . . . . . . . Repair Stations . | . . . . . . . . . . . . . . . . . Recycling Units . | . . . . . . . . . . . . . . . . . Scanalyzers . | . . . . . . . . . . . . . . . . . Garrison Access . | . . . . . . . . . . . . . . . . . Data Cores Recovered . | . . . . . . . . . . . . . . . . . Used . | . . . . . . . . . . . . . . . . . Hacking Detections 40 | . 7 . 8 . . . 8 5 . . . 6 4 1 . 1 Full Trace Events 5 | . 2 . 1 . . . 1 . . . . . . 1 . . Feedback Events . | . . . . . . . . . . . . . . . . . Feedback Blocked . | . . . . . . . . . . . . . . . . . Robot Schematics Acquired 6 | . . . . . . . . . . 6 . . . . . . Robots Built . | . . . . . . . . . . . . . . . . . Authchips . | . . . . . . . . . . . . . . . . . Time . | . . . . . . . . . . . . . . . . . Total Robot Build Rating . | . . . . . . . . . . . . . . . . . Part Schematics Acquired 16 | . . . . . . . . 1 . 13 . 1 1 . . . Parts Built . | . . . . . . . . . . . . . . . . . Authchips . | . . . . . . . . . . . . . . . . . Time . | . . . . . . . . . . . . . . . . . Total Part Build Rating . | . . . . . . . . . . . . . . . . . Part Studies Acquired 8 | . . . 1 . . . 4 1 . . . 2 . . . . Parts Repaired 4 | . 1 . 1 . . . 2 . . . . . . . . . Time 110 | . 26 . 26 . . . 58 . . . . . . . . . Parts Recycled . | . . . . . . . . . . . . . . . . . Recycled Matter . | . . . . . . . . . . . . . . . . . Retrieved Matter . | . . . . . . . . . . . . . . . . . Retrieved Components 3 | . . . 3 . . . . . . . . . . . . . Parts Scanalyzed . | . . . . . . . . . . . . . . . . . Part Schematics Acquired . | . . . . . . . . . . . . . . . . . Parts Damaged . | . . . . . . . . . . . . . . . . . Bothacking | -11 -10 -10 -9 -9 -9 -8 -8 -7 -7 -7 -6 -6 -6 -6 -6 -6 ------------ Run | Yrd Mat Min Mat Min Exi Min Mat Fac Low Dat Pro Fac Ext Cet Arc Hub Used RIF Installer . | . . . . . . . . . . . . . . . . . Robots Hacked . | . . . . . . . . . . . . . . . . . Non-combat . | . . . . . . . . . . . . . . . . . Combat . | . . . . . . . . . . . . . . . . . Robot Hacks Applied . | . . . . . . . . . . . . . . . . . Relay Couplers Released 3 | . . . . . . . . . . . . . . . . 3 Machine Destruction 3 | . . . . . . . . . . . . . . . . 3 Fabnet Peak Effective % . | . . . . . . . . . . . . . . . . . Robots Rewired 9 | . . . . . . . . . . . . . 9 . . . Allies Hacked . | . . . . . . . . . . . . . . . . . Hacks Repelled . | . . . . . . . . . . . . . . . . . Allies | -11 -10 -10 -9 -9 -9 -8 -8 -7 -7 -7 -6 -6 -6 -6 -6 -6 -------- Run | Yrd Mat Min Mat Min Exi Min Mat Fac Low Dat Pro Fac Ext Cet Arc Hub Total Allies 22 | . . . 1 . . . . 1 . . . 1 14 5 . . Largest Group 12 | . . . . . . . . 1 . . . 1 11 12 10 7 Highest-Rated Group 801 | . . . . . . . . 26 . . . 10 443 801 744 460 Highest-Rated Ally 159 | . . . . . . . . 26 . . . 10 159 159 159 96 Total Orders . | . . . . . . . . . . . . . . . . . Ally Attacks 267 | . . . . . . . . . . . . . 107 77 31 52 Total Damage 8126 | . . . . . . . . . . . . . 2815 2189 1341 1781 Kills 52 | . . . . . . . . . . . . . 22 12 6 12 Allies Corrupted 2 | . . . . . . . . . . . . . . . . 2 Allies Melted . | . . . . . . . . . . . . . . . . . Intel | -11 -10 -10 -9 -9 -9 -8 -8 -7 -7 -7 -6 -6 -6 -6 -6 -6 ------- Run | Yrd Mat Min Mat Min Exi Min Mat Fac Low Dat Pro Fac Ext Cet Arc Hub Active Infowar (turns) 10146 | 96 2291 795 1709 292 368 496 384 474 119 40 439 918 651 506 290 278 Sensors 546 | . . . . . . . . . 60 40 439 7 . . . . Structural 3169 | . . . . . . . . 474 59 . . 911 651 506 290 278 Seismic 6431 | 96 2291 795 1709 292 368 496 384 . . . . . . . . . Robot Analysis Total 3 | . 3 . . . . . . . . . . . . . . . Derelict Logs Recovered 4 | . . 1 . 1 . . . . 1 . 1 . . . . . Drone Launches . | . . . . . . . . . . . . . . . . . Drone Recoveries . | . . . . . . . . . . . . . . . . . Exploration | -11 -10 -10 -9 -9 -9 -8 -8 -7 -7 -7 -6 -6 -6 -6 -6 -6 ------------- Run | Yrd Mat Min Mat Min Exi Min Mat Fac Low Dat Pro Fac Ext Cet Arc Hub Turns Passed 12117 | 185 2326 795 1709 292 368 496 1656 1031 119 40 439 918 651 506 290 296 Spaces Moved 8593 | 70 1054 311 830 175 228 266 886 1326 197 80 591 1082 846 275 180 196 Core 16 | 7 . . . . . . . . . . . . . . . 9 Treads 3818 | 63 1054 311 830 175 228 266 886 5 . . . . . . . . Legs 606 | . . . . . . . . . . . . . . 260 180 166 Wheels . | . . . . . . . . . . . . . . . . . Hover . | . . . . . . . . . . . . . . . . . Flight 4153 | . . . . . . . . 1321 197 80 591 1082 846 15 . 21 Fastest Speed 35 | 50 160 240 160 160 160 160 160 50 50 50 50 50 50 50 120 35 Average Speed 110 | 154 186 240 160 160 160 160 160 50 50 50 50 50 50 117 120 108 Slowest Speed 240 | 160 240 240 160 160 160 160 160 160 50 50 50 50 50 190 120 120 Overloaded Moves . | . . . . . . . . . . . . . . . . . Propulsion Burnouts . | . . . . . . . . . . . . . . . . . Robots Hopped 22 | . . . . . . . . 3 . . 1 . 15 . . 3 Potential Cave-ins . | . . . . . . . . . . . . . . . . . Cave-ins Triggered . | . . . . . . . . . . . . . . . . . Exploration Rate (%) 57 | 6 96 56 77 58 59 60 73 27 41 68 61 24 84 78 80 31 Regions Visited 16 Branch Regions 11 Pre-discovered Areas 2 | . . . . . 1 . . . . 1 . . . . . . Known Exits Taken 6 | . . . 1 . . 1 1 1 . . 1 1 . . . . Unknown Exits Taken 10 | 1 1 1 . 1 1 . . . 1 1 . . 1 1 1 . Scrap Searched 4 | . . 1 . . . 1 . . 1 . 1 . . . . . Spaces Dug 18 | . . . . . . . 1 7 1 . 2 7 . . . . Terrain Destroyed 396 | . . . 29 . . 10 1 7 1 . 87 7 55 36 . 163 Melee 18 | . . . . . . . 1 7 1 . 2 7 . . . . Projectile 1 | . . . . . . . . . . . . . . 1 . . AOE 377 | . . . 29 . . 10 . . . . 85 . 55 35 . 163 Terrain Rammed . | . . . . . . . . . . . . . . . . . Walls Destroyed . | . . . . . . . . . . . . . . . . . Machines Disabled . | . . . . . . . . . . . . . . . . . Actions | -11 -10 -10 -9 -9 -9 -8 -8 -7 -7 -7 -6 -6 -6 -6 -6 -6 --------- Run | Yrd Mat Min Mat Min Exi Min Mat Fac Low Dat Pro Fac Ext Cet Arc Hub Total 10572 | 104 1277 337 1061 187 235 300 1059 1631 213 79 717 1400 1030 456 230 256 Wait 1242 | 2 97 9 91 11 . 8 92 219 14 . 111 258 125 145 19 41 Move 8539 | 69 1053 310 829 174 227 265 885 1319 196 79 588 1081 821 274 179 190 Hop 16 | . . . . . . . . 3 . . 1 . 9 . . 3 Pick Up 105 | 4 18 3 15 . 2 1 13 16 . . 1 9 4 10 8 1 Fast Attach 24 | 7 . . 1 . . 1 3 6 . . . 1 . 3 1 1 Attach 24 | . 1 . 4 . 1 3 4 3 . . . 2 . 5 . 1 Detach 6 | . . . . . 1 . . 2 . . . . . 2 . 1 Swap 54 | . 9 . 9 . . 3 9 2 1 . 4 2 1 4 8 2 Drop 77 | . 11 . 15 . 4 . 13 13 . . . 6 4 8 1 2 Fire 331 | 22 88 15 95 . . 19 39 23 . . 10 . 11 5 3 1 Melee 100 | . . . . . . . 1 19 2 . 2 41 11 . 11 13 Ram . | . . . . . . . . . . . . . . . . . Kick . | . . . . . . . . . . . . . . . . . Crush 2 | . . . 2 . . . . . . . . . . . . . Escape Stasis 12 | . . . . . . . . 6 . . . . 6 . . . Rewire 40 | . . . . 2 . . . . . . . . 38 . . . Trap . | . . . . . . . . . . . . . . . . . Miscellaneous . | . . . . . . . . . . . . . . . . . Route ------- -11/Scrapyard -10/Materials (discovered 5 exits: *Mat x3 / [*Min x2]) -10/Mines -9/Materials (discovered 5 exits: *Mat x2 / *Min / *Sto x2) -9/Mines -9/Exiles (discovered 2 exits: [*Min x2]) -8/Mines -8/Materials (discovered 3 exits: *Fac x3) -7/Factory (discovered 6 exits: *Fac x4 / *Low x2) -7/Lower Caves -7/Data Miner -6/Proximity Caves -6/Factory (discovered 4 exits: Low x2 / *Ext x2) -6/Extension (discovered 3 exits: *Fac x2 / *Cet) -6/Cetus (discovered 2 exits: *Fac / *Arc) -6/Archives (discovered 3 exits: *Fac / *Hub x2) -6/Hub_04(d) (discovered 4 exits: *Fac x4) History --------- Turn | Location | Event 36 | -11/Scrapyard | Discovered new exit (range 15) 186 | -11/Scrapyard | Entered Materials 301 | -10/Materials | Build established: Mutant 802 | -10/Materials | Discovered new exit (range 9) 841 | -10/Materials | Discovered new exit (range 14) 1107 | -10/Materials | Discovered new exit (range 9) 1286 | -10/Materials | Derelicts attacked the area 2209 | -10/Materials | Discovered new exit (range 16) 2351 | -10/Materials | Core integrity fell below 50% 2363 | -10/Materials | Discovered new exit (range 8) 2422 | -10/Materials | Repaired Lgt. Treads 2512 | -10/Materials | Entered Mines 2573 | -10/Mines | Learned 2 Materials zone layouts 2853 | -10/Mines | Received a Rocket Launcher from a helpful Derelict 3014 | -10/Mines | A weapon hastily lodged in a ceiling crevice suddenly fell to the ground 3270 | -10/Mines | Discovered new exit (range 14) 3273 | -10/Mines | Found a damaged Exp. Sensor Array with a note attached 3278 | -10/Mines | Found Prototype Device 3307 | -10/Mines | Entered Materials 3307 | -9/Materials | Evolved 2 slots: Propulsion x1, Utility x1 3308 | -9/Materials | Identified exit to Materials 3642 | -9/Materials | Discovered exit to Materials (range 16) 3994 | -9/Materials | Repaired Lgt. Treads 4292 | -9/Materials | Discovered new exit (range 7) 4435 | -9/Materials | Discovered new exit (range 13) 4555 | -9/Materials | Build established: Scavenger-Mutant 4606 | -9/Materials | Discovered new exit (range 13) 4918 | -9/Materials | Identified exit to Mines 4918 | -9/Materials | Identified exit to Storage 5016 | -9/Materials | Entered Mines 5026 | -9/Mines | Met a Derelict bent on vengeance 5073 | -9/Mines | Found a Scrap Suit stashed away for nefarious purposes 5301 | -9/Mines | Deemed a non-threat by the Exiles lab entrance 5301 | -9/Mines | Discovered new exit (range 5) 5308 | -9/Mines | Entered Exiles 5334 | -9/Exiles | Discovered new exit (range 15) 5352 | -9/Exiles | Met 8R-AWN 5376 | -9/Exiles | Met EX-HEX 5419 | -9/Exiles | Met EX-BIN 5436 | -9/Exiles | Aligned with FarCom system 5438 | -9/Exiles | Given EX-Vault access code 5476 | -9/Exiles | Opened EX-Vault 5486 | -9/Exiles | Found Flying Fortress v7 5520 | -9/Exiles | Warned to stay clear of 0b10 Research branches 5575 | -9/Exiles | Learned location of Zion (-6) 5655 | -9/Exiles | Discovered new exit (range 14) 5676 | -9/Exiles | Left Exiles lab with Flying Fortress v7 5676 | -9/Exiles | Entered Mines 5729 | -8/Mines | Lost 3 parts (3n) 6164 | -8/Mines | Discovered exit to Materials (range 6) 6172 | -8/Mines | Entered Materials 6172 | -8/Materials | Evolved 2 slots: Propulsion x1, Utility x1 6173 | -8/Materials | Identified exit to Factory 6881 | -8/Materials | Repaired Hrd. Light Armor Plating 6915 | -8/Materials | Repaired Lgt. Treads+ 7183 | -8/Materials | Discovered exit to Factory (range 16) 7220 | -8/Materials | Met 7R-MNS 7432 | -8/Materials | Discovered exit to Factory (range 5) 7828 | -8/Materials | Entered Factory 7828 | -7/Factory | Evolved 2 slots: Utility x2 7829 | -7/Factory | Caught up to 7R-MNS 8131 | -7/Factory | Build established: Hacker-Mutant 8399 | -7/Factory | Discovered new exit (range 16) 8413 | -7/Factory | Discovered new exit (range 8) 8470 | -7/Factory | Identified exit to Factory 8474 | -7/Factory | Identified exit to Lower Caves 8593 | -7/Factory | Discovered exit to Lower Caves (range 9) 8859 | -7/Factory | Entered Lower Caves 8918 | -7/Lower Caves | Identified Exp. Sensor Array 8922 | -7/Lower Caves | Learned location of 1 exit from Proximity Caves 8973 | -7/Lower Caves | A Derelict revealed a hidden shortcut to meet someone special 8978 | -7/Lower Caves | Entered Data Miner 8978 | -7/Data Miner | Discovered new exit (range 6) 8988 | -7/Data Miner | Met Data Miner 8998 | -7/Data Miner | Learned location of Section 7 (-2) 8998 | -7/Data Miner | Acquired the access code to Warlord's prototype stash 9006 | -7/Data Miner | Received God Mode back door access code from Data Miner 9018 | -7/Data Miner | Entered Proximity Caves 9122 | -6/Proximity Caves | Attracted the attention of an 0b10 checkpoint 9453 | -6/Proximity Caves | Learned Factory trap positions 9457 | -6/Proximity Caves | Entered Factory 9457 | -6/Factory | Evolved 2 slots: Utility x2 9458 | -6/Factory | Loaded intel: 106 trap records 9588 | -6/Factory | Watched by a mysterious "MATRIX" hacker. 9633 | -6/Factory | Identified exit to Lower Caves 9633 | -6/Factory | Identified exit to Extension 9918 | -6/Factory | Build established: Hacker-Gladiator 10375 | -6/Factory | Entered Extension 10395 | -6/Extension | Rescued A7 10406 | -6/Extension | Rescued a captive Derelict 10422 | -6/Extension | Rescued a captive Derelict 10425 | -6/Extension | Identified exit to Factory 10456 | -6/Extension | Energy Cycler disabled 10458 | -6/Extension | Rescued a captive Derelict 10461 | -6/Extension | Rescued a captive Derelict 10464 | -6/Extension | Rescued a captive Derelict 10468 | -6/Extension | Rescued a captive Derelict 10471 | -6/Extension | Rescued a captive Derelict 10473 | -6/Extension | Rescued a captive Derelict 10664 | -6/Extension | Spotted B-75 Beast 10706 | -6/Extension | Allies destroyed B-75 Beast 10736 | -6/Extension | Spotted B-75 Beast 10750 | -6/Extension | Allies destroyed B-75 Beast 10756 | -6/Extension | Build established: Hacker-Mutant 10775 | -6/Extension | Disrupted transfer network 10961 | -6/Extension | Discovered new exit (range 6) 10996 | -6/Extension | Disrupted transfer network 11026 | -6/Extension | Entered Cetus 11026 | -6/Cetus | Accompanied by 11 allies (A7) 11031 | -6/Cetus | Acquired a Cetus Manufacturing Module code from A7 11055 | -6/Cetus | Spotted Cetus Guard 11069 | -6/Cetus | Allies destroyed Cetus Guard 11071 | -6/Cetus | Lost 3 parts (1n1u1w) 11097 | -6/Cetus | Lost 4 allies 11145 | -6/Cetus | Started Cetus Manufacturing Module 11153 | -6/Cetus | Escorted A7 to Cetus Mainframe 11166 | -6/Cetus | Incoming investigation squad redirected 11170 | -6/Cetus | Manufactured an Enhanced Grunt 11195 | -6/Cetus | Manufactured an Enhanced Grunt 11220 | -6/Cetus | Manufactured an Enhanced Grunt 11245 | -6/Cetus | Manufactured an Enhanced Grunt 11270 | -6/Cetus | Manufactured an Enhanced Grunt 11321 | -6/Cetus | Discovered new exit (range 16) 11354 | -6/Cetus | Spotted Cetus Guard 11354 | -6/Cetus | Spotted Cetus Guard 11358 | -6/Cetus | Spotted Cetus Guard 11359 | -6/Cetus | Spotted Cetus Guard 11368 | -6/Cetus | Allies destroyed Cetus Guard 11376 | -6/Cetus | Allies destroyed Cetus Guard 11377 | -6/Cetus | Allies destroyed Cetus Guard 11379 | -6/Cetus | Allies destroyed Cetus Guard 11413 | -6/Cetus | Discovered exit to Factory (range 15) 11421 | -6/Cetus | Met Revision 17 11532 | -6/Cetus | Entered Archives 11532 | -6/Archives | Accompanied by 10 allies (A7) 11537 | -6/Archives | Received a hacking code to weaken MAIN.C 11697 | -6/Archives | Discovered new exit (range 15) 11716 | -6/Archives | Discovered new exit (range 15) 11736 | -6/Archives | Unable to access archive contents 11739 | -6/Archives | Discovered exit to Factory (range 16) 11822 | -6/Archives | Entered Hub_04(d) 11822 | -6/Hub_04(d) | Accompanied by 7 allies 11971 | -6/Hub_04(d) | Build established: Wizard-Mutant 12050 | -6/Hub_04(d) | Garrison activated, responded to threat 12062 | -6/Hub_04(d) | Network Hub disabled 12072 | -6/Hub_04(d) | Spotted Lightning 12075 | -6/Hub_04(d) | Spotted Lightning 12077 | -6/Hub_04(d) | Spotted Lightning 12082 | -6/Hub_04(d) | Spotted Lightning 12082 | -6/Hub_04(d) | Spotted Lightning 12087 | -6/Hub_04(d) | Spotted Lightning 12091 | -6/Hub_04(d) | Spotted Lightning 12092 | -6/Hub_04(d) | Spotted Lightning 12093 | -6/Hub_04(d) | Spotted Lightning 12103 | -6/Hub_04(d) | Core integrity fell below 50% 12111 | -6/Hub_04(d) | Lost 5 allies 12113 | -6/Hub_04(d) | Core integrity fell below 20% 12118 | -6/Hub_04(d) | Destroyed by C-17 Slicer with Blade Saw Last Messages --------------- 12101_ EMDS Slug penetrates Wall. 12103_ EMDS Slug penetrates Garrison Access. 12103_ Ripper destroyed. 12104_ Acquired Imp. Cesium-ion Thruster. 12105_ :R,3MHLWI4/HX3MHZL1&1XB6F 12105_ Acquired 10 matter. 12106_ Critical hit (Burn: +37). 12107_ L-41 Fighter suffers critical hit (Burn). 12107_ EMDS Slug penetrates G-67 Veteran. 12107_ M-28 Smith repairs Y-54 Guardian. 12107_ EMDS Slug penetrates Garrison Access. 12110_ ALERT: Suspicious intruders detected, dispatching Cutter reinforcements to area. 12112_ Enh. Flexi-carbon Leg destroyed. 12112_ Critical hit (Burn: +37). 12114_ Imp. Cesium-ion Thruster severed. 12115_ C-17 Slicer destroyed. 12116_ Imp. System Shield destroyed. 12116_ Critical hit (Blast). 12116_ Knocked back. Map ----- +----------------------------------------------------+ | # "*%] " ""??????????????????????? | | #### =# " "" ?????????????????????? | | / # " ] "" ????????????????????? | | ###" # """""""%"""""] ????????????????????? | | ####/####""""" !%! " ?????????????????????? | | #### !""#/]" # #????????????????? | | #### ! #*!*%!""####"##????????????????? | | #### /===|%* ????????????????? | | #### ! !!/# [ ????????